 Dungeon Crawl Stone Soup version 0.17.2-1-ge4368a0 (webtiles) character file.

436 Goblin1989 the Scratcher (level 6, -1/27 HPs)
             Began as a Felid Transmuter on Oct 26, 2016.
             Was an Initiate of Ru.
             Killed from afar by an orc wizard (6 damage)
             ... with a magic dart
             ... on level 4 of the Dungeon.
             The game lasted 00:22:20 (6525 turns).

Goblin1989 the Scratcher (Felid Transmuter)         Turns: 6525, Time: 00:22:20

Health: -1/27      AC:  2    Str:  6    XL:     6   Next: 69%
Magic:  19/19      EV: 20    Int: 17    God:    Ru [......]
Gold:   198        SH:  0    Dex: 19    Spells: 3 memorised, 2 levels left
                                        Lives:  0   Deaths: 1

rFire  . . .     SeeInvis +       - Unarmed
rCold  . . .     Clarity  .     (armour unavailable)
rNeg   . . .     SustAt   .     (shield unavailable)
rPois  .         Gourm    .     (helmet unavailable)
rElec  .         Spirit   .     (cloak unavailable)
rCorr  .         Warding  .     (gloves unavailable)
rMut   .         Stasis   .     (boots unavailable)
MR     .....                    (no amulet)
Stlth  ++........               g - ring of magical power
                                e - +3 ring of intelligence

@: appendage, slowed, slow, not resistant to hostile enchantments, unstealthy
A: no armour, no weapons or thrown items, claws 1, fangs 3, horns 2, see
invisible, carnivore 3, speed 1, shaggy fur 2, slow metabolism 1, sharp paws
a: End Transformation, Renounce Religion


You were on level 4 of the Dungeon.
You worshipped Ru.
Ru was noncommittal.
You were very full.
You had grown temporary horns.
You visited 1 branch of the dungeon, and saw 4 of its levels.

You collected 198 gold pieces.

Inventory:

Jewellery
 c - an uncursed ring of protection from cold
 e - a +3 ring of intelligence (left paw)
 g - a ring of magical power (right paw)
 l - an uncursed ring of positive energy
Scrolls
 a - a scroll of magic mapping {unknown}
 d - 8 scrolls of identify {unknown}
 f - a scroll of enchant armour {unknown}
 j - a scroll of teleportation {unknown}
 o - a scroll of enchant weapon {unknown}
 p - a scroll of amnesia {unknown}
 q - a scroll of blinking {unknown}
Potions
 b - 4 potions of curing {@q1}
 h - a potion of cure mutation {unknown}
 i - a potion of flight {unknown}
 n - a potion of cancellation {unknown}
Comestibles
 k - 2 meat rations {@e2}
 m - a royal jelly


   Skills:
 + Level 2.9 Fighting
 + Level 4.3 Dodging
 * Level 5.4 Unarmed Combat
 - Level 2.0 Spellcasting
 * Level 3.4 Transmutations
 * Level 2.6 Ice Magic


You had 2 spell levels left.
You knew the following spells:

 Your Spells              Type           Power        Failure   Level  Hunger
a - Beastly Appendage     Trmt           ##....       6%          1    #......
b - Sticks to Snakes      Trmt           ##........   10%         2    ###....
c - Ice Form              Ice/Trmt       ##......     58%         4    #####..


Dungeon Overview and Level Annotations

Branches:
Dungeon (4/15)
 Temple: D:4-7

Altars:
Cheibriados
Gozag
Qazlal
Ru
Sif Muna
Trog


Innate Abilities, Weirdness & Mutations

You cannot wear armour.
You are incapable of wielding weapons or throwing items.
You have sharp claws.
You have razor-sharp teeth.
You have supernaturally acute eyesight.
You are carnivorous and can eat meat at any time.
You cover ground quickly.
You are covered in thick fur (AC +2).
You have a slow metabolism.
Your sharp claws are effective at attacking unaware monsters.
You have a pair of horns on your head.


Message History

You miss the hound. You headbutt the hound.
The hound is severely wounded.
The hound bites you.
* * * LOW HITPOINT WARNING * * *
You take 4 damage, and have 5/27 hp.
You barely miss the hound.
The hound is severely wounded.
The hound misses you.
You claw the hound!
You kill the hound!
You claw the orc!
You kill the orc!
The orc wizard gestures at you while chanting.
You feel yourself slow down.
The orc wizard mumbles some strange words.
The orc wizard blinks!
MP restored: 19 The orc wizard gestures at you while chanting.
The magic dart hits you!
You die... █... ...........█ ███...... █......... ......... █........ .........█ █.....). ...... ... █......█ ....███.█.█ ███.█ .██.....█..██ █...█ .██.█..█ █..██ █o███

....█..████..███@█
.........).....█.█
██.█.....███<....███████
█..........██..........███
█........█.█...█o........█
.....█∆█...█.█.█████.....█
.....∆⌂∆...█.█..██


███>███ .....█∆█.....██..█ ███ .█..........████.██ You could see an orc wizard
and an orc.

Vanquished Creatures
  An ice beast (D:3)
  2 orc wizards
  A hound (D:4)
  Jessica (D:3)
  An orc priest (D:3)
  A worker ant (D:4)
  Robin (D:2)
  5 gnolls
  6 adders
  3 oozes
  A worm (D:2)
  4 giant geckos
  15 orcs
  3 giant cockroaches
  12 hobgoblins
  3 jackals (D:1)
  A quokka (D:2)
  4 ball pythons
  9 bats
  5 giant newts
  18 goblins
  A jackal skeleton (D:4)
  5 kobolds
  8 rats
111 creatures vanquished.

Vanquished Creatures (collateral kills)
  Terence (D:2)
  An orc (D:3)
  A hobgoblin (D:2)
3 creatures vanquished.

Grand Total: 114 creatures vanquished

Notes
Turn   | Place    | Note
--------------------------------------------------------------
     0 | D:1      | Goblin1989 the Felid Transmuter began the quest for the Orb.
     0 | D:1      | Reached XP level 1. HP: 9/9 MP: 4/4
   543 | D:1      | Reached XP level 2. HP: 10/12 MP: 6/6
  1208 | D:1      | Reached XP level 3. HP: 15/15 MP: 7/7
  1218 | D:1      | Learned a level 2 spell: Sticks to Snakes
  1567 | D:1      | Reached skill level 4 in Unarmed Combat
  1616 | D:2      | Noticed Robin
  1777 | D:2      | Killed Robin
  1828 | D:2      | Noticed Terence
  1839 | D:2      | Killed Terence
  1839 | D:2      | Reached XP level 4. HP: 9/19 MP: 8/8
  2171 | D:2      | Learned a level 4 spell: Ice Form
  2557 | D:2      | Slain by a gnoll
  2558 | D:2      | Reached XP level 3. HP: -1/16 MP: 16/16
  2565 | D:2      | Reached XP level 4. HP: 20/20 MP: 8/8
  3308 | D:2      | Found an opulent altar of Gozag.
  3645 | D:3      | HP: 1/20 [orc wizard/magic dart (9)]
  3952 | D:3      | Reached skill level 1 in Ice Magic
  3952 | D:3      | Reached XP level 5. HP: 4/23 MP: 9/9
  3952 | D:3      | HP: 1/23 [orc/mace (4)]
  4397 | D:3      | Noticed an ice beast
  4684 | D:3      | Reached skill level 5 in Unarmed Combat
  5017 | D:3      | Found a deep blue altar of Sif Muna.
  5250 | D:3      | Killed an ice beast
  5250 | D:3      | Gained mutation: You are covered in thick fur (AC +2). [Felid growth]
  5250 | D:3      | Reached XP level 6. HP: 5/27 MP: 10/10
  5623 | D:3      | Found a stormy altar of Qazlal.
  5626 | D:3      | Noticed a fire elemental
  5626 | D:3      | Noticed an air elemental
  5626 | D:3      | Noticed a water elemental
  5736 | D:3      | Noticed Jessica
  5743 | D:3      | Killed Jessica
  6075 | D:4      | Found a bloodstained altar of Trog.
  6086 | D:4      | Found a snail-covered altar of Cheibriados.
  6445 | D:4      | Found a sacrificial altar of Ru.
  6455 | D:4      | Became a worshipper of Ru the Awakened
  6525 | D:4      | Killed from afar by an orc wizard

Action                   |  1- 3 |  4- 6 || total
-------------------------+-------+-------++-------
Melee: Unarmed           |    90 |   237 ||   327
 Cast: Beastly Appendage |     6 |    45 ||    51
       Sticks to Snakes  |     2 |    10 ||    12
  Use: Potion            |       |     2 ||     2
 Stab: Sleeping          |     3 |     4 ||     7
       Distracted        |     1 |       ||     1
  Eat: Chunk             |     9 |    16 ||    25

Vault maps used:
D:1:      matt_arrival_los_fun
D:2:      first_bread, st_stairs_3, grunt_gozag_statues, uniq_terence,
          uniq_robin
D:3:      old_standard_altar, nicolae_qazlal_style_of_elements, st_stairs_8,
          uniq_jessica
D:4:      kennysheep_mini_moat, amethyst_overflow_temple_binary,
          okawaru_gym_becter
